 Dungeon Crawl Stone Soup version 0.24.0-125-gc4c63601f3 (webtiles) character file.

Game seed: 1909039008549847083, levelgen mode: deterministic

308 BuffBuff the Chopper (level 6, -2/55 HPs)
             Began as a Minotaur Berserker on Mar 19, 2020.
             Was a Believer of Trog.
             Slain by a phantom (8 damage)
             ... on level 4 of the Dungeon.
             The game lasted 00:05:51 (2275 turns).

BuffBuff the Chopper (Minotaur Berserker)           Turns: 2275, Time: 00:05:51

Health: -2/55      AC:  7    Str: 23    XL:     6   Next: 17%
Magic:  5/5        EV: 11    Int:  4    God:    Trog [**....]
Gold:   204        SH:  0    Dex: 10    Spells: 5/5 levels left

rFire    . . .     SeeInvis .   a - +0 hand axe
rCold    . . .     Gourm    .   (no shield)
rNeg     . . .     Faith    .   e - +0 scale mail
rPois    .         Spirit   .   (helmet restricted)
rElec    .         Reflect  .   (no cloak)
rCorr    +         Harm     .   (no gloves)
MR       .....                  (no boots)
Stlth    ..........             (no amulet)
HPRegen  0.18/turn              m - ring of resist corrosion
MPRegen  0.09/turn              (no ring)

@: lethally poisoned (-2 -> -4), berserk cooldown
A: retaliatory headbutt, horns 2
a: Berserk, Trog's Hand, Renounce Religion


You were on level 4 of the Dungeon.
You worshipped Trog.
Trog was pleased with you.
You were very hungry.

You visited 1 branch of the dungeon, and saw 4 of its levels.

You collected 204 gold pieces.

Inventory:

Hand Weapons
 a - a +0 hand axe (weapon)
Armour
 b - a +0 ring mail
 e - a +0 scale mail (worn)
 h - a +1 leather armour
Jewellery
 m - a ring of resist corrosion (left hand)
Potions
 f - 2 potions of brilliance
 g - 2 potions of curing
 j - a potion of agility
 p - a potion of flight
Comestibles
 c - 5 rations


   Skills:
 + Level 4.9 Fighting
 * Level 6.0 Axes
 + Level 4.0 Armour
 + Level 3.7 Dodging


You had 5 spell levels left.
You didn't know any spells.
Your spell library was empty.

Dungeon Overview and Level Annotations

Branches:
Dungeon (4/15)
 Temple: D:4-7

Altars:
Yredelemnul
The Shining One

Annotations:
D:3 2 transporters


Innate Abilities, Weirdness & Mutations

You reflexively headbutt those who attack you in melee.
You have a pair of horns on your head.


Message History

Increase (S)trength, (I)ntelligence, or (D)exterity?
You feel stronger.
You feel sick.
The phantom blinks!
You feel sick.
You feel sick.
There is an open door here.
Things that are here:
a +0 giant club; an ogre corpse You feel sick.
The phantom blinks!
You feel sick.
You feel sick.
You feel sick.
You feel sick.
You feel sick.
The phantom blinks!
You feel yourself speed up.
You feel sick.
You hit the phantom. Your headbutt misses the phantom.
The phantom is lightly damaged.
The phantom hits you!
You die...

########.#
########.....##.####+##+#
......^'.....##.##.......
########.....##.##.......
.................).......
########..#####.##...†...
#..# #.##...†... #W.#
............. #@.#
.##.#W....§.. #..#
#.#........ ####..##
..#........
######+#......+
..#........
#.........#..## #.######.
.........#..# #. ..
.........#.... . ..
####...###.##. ...
##..###.# ..


You could see a phantom.

Vanquished Creatures
  An ogre (D:4)
  A scorpion (D:4)
  A bullfrog skeleton (D:4)
  An iguana (D:2)
  A worker ant (D:3)
  4 adders
  2 worms
  2 orcs (D:3)
  5 bats
  2 giant cockroaches (D:1)
  12 goblins
  8 hobgoblins
  3 jackals (D:2)
  3 kobolds
  A ball python (D:3)
  4 frilled lizards
  7 rats
  A spectral orc (D:3)
59 creatures vanquished.

Notes
Turn   | Place    | Note
-------+----------+-------------------------------------------
     0 | D:1      | BuffBuff the Minotaur Berserker began the quest for the
                  | Orb.
     0 | D:1      | Reached XP level 1. HP: 19/19 MP: 0/0
   334 | D:1      | Reached XP level 2. HP: 27/27 MP: 1/1
   370 | D:1      | Reached skill level 4 in Axes
   965 | D:2      | Reached XP level 3. HP: 29/33 MP: 2/2
   998 | D:2      | Reached ** piety under Trog
  1111 | D:2      | Found a faded altar of an unknown god.
  1193 | D:2      | Reached XP level 4. HP: 27/40 MP: 3/3
  1397 | D:2      | Found a glowing golden altar of the Shining One.
  1590 | D:3      | Found a transporter.
  1648 | D:3      | Found a transporter.
  1671 | D:3      | Reached skill level 5 in Axes
  1966 | D:3      | Found a basalt altar of Yredelemnul.
  2080 | D:4      | Reached XP level 5. HP: 45/47 MP: 4/4
  2229 | D:4      | Noticed an ogre
  2230 | D:4      | Noticed a phantom
  2245 | D:4      | Killed an ogre
  2260 | D:4      | Reached skill level 6 in Axes
  2260 | D:4      | Reached XP level 6. HP: 15/55 MP: 5/5
  2275 | D:4      | Slain by a phantom

Levels and vault maps discovered:
D:1:      erik_arrival_triangle_small, layout_basic
D:2:      layout_rooms, chequers_ecumenical_altar_simple, st_stairs_8,
          nicolae_tso_carved_into_rock
D:3:      gammafunk_steamed_eel, layout_rooms,
          yredelemnul_forgotten_temple_becter
D:4:      layout_basic, first_ration, uniq_pikel

Skill      XL: |  1  2  3  4  5 |
---------------+----------------+-----
Axes           | 4 5 6 |  6.0
Fighting       | 4 |  4.9
Armour         | 3 4 |  4.0
Dodging        | 3 |  3.7

Action                   |  1- 3 |  4- 6 || total
-------------------------+-------+-------++-------
Melee: Hand axe          |    67 |    78 ||   145
       Headbutt          |    10 |     9 ||    19
Invok: Berserk           |       |     1 ||     1
  Use: Scroll            |       |    13 ||    13
  Eat: Chunk             |     1 |     3 ||     4
Armor: Leather armour    |     6 |     8 ||    14
       Scale mail        |       |    12 ||    12
       Ring mail         |       |     1 ||     1
Dodge: Dodged            |    43 |    49 ||    92
